 Dungeon Crawl Stone Soup version 0.22.1-1-ga44c0e56f4 (webtiles) character file.

18 LLavrengius the Sneak (level 2, -4/20 HPs)
             Began as a Vampire Enchanter on Nov 8, 2018.
             Slain by Sigmund
             ... wielding a +2 scythe of holy wrath
              (6 damage)
             ... on level 2 of the Dungeon.
             The game lasted 00:04:53 (1039 turns).

LLavrengius the Sneak (Vampire Enchanter)           Turns: 1039, Time: 00:04:55

Health: -4/20      AC:  2    Str:  7    XL:     2   Next: 51%
Magic:  1/5        EV: 12    Int: 17    God:
Gold:   96         SH:  0    Dex: 14    Spells: 2/5 levels left

rFire    . . .     SeeInvis +   a - +1 dagger
rCold    + . .     Gourm    .   (no shield)
rNeg     + + .     Faith    .   b - +0 robe
rPois    +         Spirit   .   (no helmet)
rElec    .         Reflect  .   (no cloak)
rCorr    .         Harm     .   (no gloves)
MR       .....                  (no boots)
Stlth    ++++......             (no amulet)
HPRegen  0.03/turn              (no ring)
MPRegen  0.09/turn              (no ring)

@: regenerating slowly
A: fangs 3, see invisible, unbreathing
a: no special abilities


You were on level 2 of the Dungeon.
You were thirsty.

You visited 1 branch of the dungeon, and saw 2 of its levels.

You collected 96 gold pieces.

Inventory:

Hand Weapons
 a - a +1 dagger (weapon)
Missiles
 g - 21 stones (quivered)
Armour
 b - a +0 robe (worn)
 f - a +0 cloak
Scrolls
 c - 5 scrolls of teleportation {unknown}
 e - 3 scrolls of identify {unknown}
 h - a scroll of amnesia {unknown}
 k - a scroll of noise {unknown}
Potions
 d - 5 potions of blood
 i - a potion of heal wounds {unknown}
 j - 2 potions of degeneration {unknown}


   Skills:
 + Level 0.8 Fighting
 + Level 1.7 Short Blades
 - Level 2.1 Dodging
 + Level 4.8 Stealth
 - Level 2.0 Spellcasting
 + Level 4.7 Hexes


You had 2 spell levels left.
You knew the following spells:

 Your Spells              Type           Power        Failure   Level  Hunger
a - Corona                Hex            ###....      2%          1    #......
b - Ensorcelled Hibernat  Hex/Ice        #.....       11%         2    ###....

Your spell library contained the following spells:

 Spells                   Type           Power        Failure   Level  Hunger
 Confuse                  Hex            ###.....     9%          3    ###....
 Tukima's Dance           Hex            ###.....     9%          3    ###....
 Dazzling Spray           Conj/Hex       #.....       22%         3    ###....


Dungeon Overview and Level Annotations

Branches:
Dungeon (2/15)

Altars:

Annotations:
D:2 Sigmund


Innate Abilities, Weirdness & Mutations

You heal slowly.
You have razor-sharp teeth.
You have supernaturally acute eyesight. (SInv)
You can survive without breathing.


Message History

Confirm with . or Enter, or press ? or * to list all spells.
Aiming: Ensorcelled Hibernation (safe; 11% risk of failure)
Press: ? - help, Shift-Dir - straight line, f/p - Sigmund
Aim: Sigmund, wielding a scythe of holy wrath and wearing a robe (severely Sigmund resists with some effort.
Sigmund closely misses you.
Casting: Ensorcelled Hibernation (safe; 11% risk of failure)
Confirm with . or Enter, or press ? or * to list all spells.
You don't have enough magic to cast that spell.
You hit Sigmund but do no damage.
Sigmund is severely wounded.
Sigmund screams, "You will never...
NEVER!!!"
Sigmund points at you and mumbles some strange words.
You resist with significant effort.
You hit Sigmund.
Sigmund is severely wounded.
Sigmund hits you with a scythe of holy wrath!
Ouch! That really hurt!
* * * LOW HITPOINT WARNING * * *
You convulse.
You die...

##.....
......### #
........####.
...........
#.......#
#......#
#..###@#.†####.#
#......@.......#
..#######.######
##'## ##...##
##.....##
##.......##
#.........#
+.........+
#.........#


You could see Sigmund (invisible).

Vanquished Creatures
  2 bats (D:1)
  2 giant cockroaches (D:2)
  6 goblins
  A hobgoblin (D:1)
  A quokka (D:2)
  2 frilled lizards
  2 kobolds (D:1)
  A rat (D:1)
17 creatures vanquished.

Notes
Turn   | Place    | Note
-------+----------+-------------------------------------------
     0 | D:1      | LLavrengius the Vampire Enchanter began the quest for the
                  | Orb.
     0 | D:1      | Reached XP level 1. HP: 13/13 MP: 3/3
   185 | D:1      | Reached XP level 2. HP: 11/20 MP: 5/5
   451 | D:1      | Learned a level 2 spell: Ensorcelled Hibernation
  1029 | D:2      | Noticed Sigmund
  1039 | D:2      | Slain by Sigmund

Action                   || total
-------------------------++-------
Melee: Dagger            ||    40
       Bite              ||     3
 Cast: Ensorcelled Hiber ||     7
 Stab: Sleeping          ||     5
Armor: Robe              ||     8
Dodge: Dodged            ||    20
